 Dungeon Crawl Stone Soup version 0.31-a0-369-g8eba5f6939 (webtiles) character file.

Game seed: 17716934884736514674

2927 kae the Mimic (level 9, -1/37 HPs)
             Began as a Naga Shapeshifter on July 28, 2023.
             Was a Believer of Cheibriados.
             Killed from afar by an electric eel (10 damage)
             ... with a bolt of electricity
             ... in a bailey.
             The game lasted 00:05:43 (7531 turns).

kae the Mimic (Naga Shapeshifter)                   Turns: 7531, Time: 00:05:43

Health: -1/37      AC: 12    Str: 32    XL:     9   Next: 79%
Magic:  12/12      EV:  8    Int: 12    God:    Cheibriados [**....]
Gold:   379        SH:  0    Dex: 26    Spells: 8/8 levels left

rFire   + +          .
                       - Unarmed
rCold   . . .        (shield currently unavailable)
rNeg    . . .        a - melded +0 animal skin
rPois   +            (helmet currently unavailable)
rElec   .            (cloak currently unavailable)
rCorr   .            (gloves currently unavailable)
SInv    +            (no barding)
Will    +....        A - amulet of the acrobat
Stlth   ++           C - ring of protection from cold
HPRegen 0.26/turn    D - +6 ring of dexterity
MPRegen 0.13/turn

%: acrobat
@: dragon-form, flying, very slow
A: dragon claw, dragon scales, breathe fire, flying, reduced hp, AC +3, giant,
see invisible, (deformed body), (poison resistance), (slowness 2), spit poison
1, (naga tail 1)
a: Spit Poison, Breathe Fire, Begin Untransformation, Renounce Religion, Bend
Time


You were in a bailey.
You worshipped Cheibriados.
Cheibriados was pleased with you.
You were a fearsome dragon!
You visited 2 branches of the dungeon, and saw 9 of its levels.
You also visited: Bailey.

You collected 379 gold pieces.


Innate Abilities, Weirdness & Mutations

You are a fearsome dragon!
You have a powerful clawing attack.
Your giant scaled body is strong and resiliant, but less evasive.
You can breathe fire.
You are flying.
Your maximum health is decreased, since you lack skill for your form.
Your armour is entirely melded.
You are incapable of wielding weapons or throwing items.
((Your serpentine skin is tough. (AC +3)))
You have supernaturally acute eyesight. (SInv)
((Armour fits poorly on your strangely shaped body.))
((Your system is resistant to poisons. (rPois)))
((You cover ground very slowly.))
You can spit poison.
((You have a snake-like lower body.))


   Skills:
 + Level 6.1 Fighting
 - Level 1.5 Dodging
 + Level 6.8 Unarmed Combat
 + Level 5.0 Invocations
 * Level 8.0 Shapeshifting


You had 8 spell levels left.
You didn't know any spells.
Your spell library contained the following spells:

 Spells                   Type           Power      Damage    Failure   Level
 Sandblast                Erth           0%         2d4       32%         1
 Ensorcelled Hibernation  Hex/Ice        0%         N/A       45%         2
 Passwall                 Tmut/Erth      0%         N/A       45%         2
 Stone Arrow              Conj/Erth      0%         3d7       69%         3
 Anguish                  Hex/Necr       0%         N/A       97%         4

Inventory:

Missiles
 e - 66 stones
 f - 5 javelins
 i - 14 poisoned darts
 p - a boomerang
Armour
 a - a +0 animal skin (melded)
Jewellery
 s - the amulet of Elemental Vulnerability {rPois rF-- rC-- AC+8}
   (You found it on level 6 of the Dungeon)

   [amulet of nothing]

   AC:        It affects your AC (+8).
   rF:        It makes you very vulnerable to fire.
   rC:        It makes you very vulnerable to cold.
   rPois:     It protects you from poison.
 A - an amulet of the acrobat (around neck)
   (You found it on level 2 of the Dungeon)
 C - a ring of protection from cold (left foreclaw)
   (You found it on level 1 of the Dungeon)
 D - a +6 ring of dexterity (right foreclaw)
   (You found it on level 2 of the Dungeon)
Talismans
 c - a beast talisman
 q - a dragon-blood talisman
   (You found it on level 7 of the Dungeon)
Wands
 u - a wand of polymorph (7)
   (You found it on level 7 of the Dungeon)
Scrolls
 d - 3 scrolls of blinking {!r}
 h - a scroll of summoning
 k - 3 scrolls of amnesia
 l - 2 scrolls of teleportation {@r4}
 o - 2 scrolls of vulnerability {!r!r}
Potions
 b - a potion of lignification {!q}
 g - a potion of resistance
 j - a potion of haste {@q3}
 m - 3 potions of enlightenment
 n - a potion of might
 r - a potion of mutation {!q}
 t - 2 potions of attraction {!q}
 v - a potion of curing {@q1}

Dungeon Overview and Level Annotations

Branches:
Dungeon (8/15) Zot: 40372  Temple (1/1) D:4 Zot: 8977  Bailey (1/1) Zot: 8715
   Lair: D:8-11

Altars:
Ashenzari
Cheibriados
Dithmenos
Elyvilon
Fedhas
Gozag
Hepliaklqana
Kikubaaqudgha
Makhleb
Nemelex Xobeh
Okawaru
Qazlal
Ru
Sif Muna
Trog
Uskayaw
Wu Jian
Xom
Yredelemnul
Zin
The Shining One

Shops:
D:1 [

Annotations:
D:5 Sigmund

≈≈≈≈≈≈# #≈≈≈≈≈#
#≈≈≈≈≈# #≈≈≈≈≈#
#≈≈≈≈≈# #≈≈≈≈≈#
###≈≈≈≈≈#
#.~≈≈≈≈≈#
#.~≈≈≈SD######
#.~≈≈≈≈......#
#.~≈≈≈≈......###
+..............#
+..........∩..∩#
+..............#
#.~≈≈≈≈......###
#.~≈≈≈≈......#
#.~≈≈≈≈.######


You could see an electric eel.


Message History

Found a gate leading back out of this place.
There is an empty arch of ancient stone here.
Unknown command.
You start resting. 😎 HP[+13]
Your hp is fully restored (82).
Okay, then.
You begin transforming.
You continue transforming. x3
Your transformation has ended.
You turn into a fearsome dragon!
Your +0 animal skin melds into your body. 😎 HP[-46]
You now have 36 max hp (-46). 2 electric eels come into view.
There are monsters nearby!
There are monsters nearby!
Aiming: Breathe Fire (1% risk of failure)
Press: ? - help, Shift-Dir - straight line, f - you That beam is likely to hit you.
Continue anyway?
Okay, then.
The electric eel shoots out a bolt of lightning at you!
The bolt of electricity misses you.
There is a gate leading back out of this place here.
Aiming: Breathe Fire (1% risk of failure)
Press: ? - help, Shift-Dir - straight line, f - electric eel
Aim: an electric eel (water, 57% to hit)
You breathe a blast of fire.
The fiery breath hits the electric eel!!
You kill the electric eel!
Cheibriados thoroughly appreciates the change of pace.
Your Shapeshifting skill increases to level 8!
You start waiting.
You have got your breath back.
Done waiting.
Aiming: Breathe Fire (1% risk of failure)
Press: ? - help, Shift-Dir - straight line, f - you
Okay, then.
The electric eel shoots out a bolt of lightning at you!
The bolt of electricity hits you but does no damage.
Aiming: Breathe Fire (1% risk of failure)
Press: ? - help, Shift-Dir - straight line, f - electric eel
Aim: an electric eel (water, 57% to hit)
You breathe a blast of fire.
The fiery breath hits the electric eel!
The electric eel is engulfed in a cloud of scalding steam.
You kill the electric eel!
Cheibriados thoroughly appreciates the change of pace.
Your Invocations skill increases to level 5! 😎 HP[+1]
You now have 37 max hp (+1).
Your hp is fully restored (37).
Unknown command.
You start waiting.
You have got your breath back.
Done waiting.
An electric eel comes into view.
The electric eel shoots out a bolt of lightning at you!
The bolt of electricity misses you.
Aiming: Breathe Fire (1% risk of failure)
Press: ? - help, Shift-Dir - straight line, f - you
Okay, then.
Aiming: Breathe Fire (1% risk of failure)
Press: ? - help, Shift-Dir - straight line, f - electric eel
Aim: an electric eel (water, 57% to hit)
You breathe a blast of fire.
The fiery breath misses the electric eel.
The electric eel is engulfed in a cloud of scalding steam.
The electric eel shoots out a bolt of lightning at you!
The bolt of electricity hits you! 😕 HP[-8]
You take 8 damage, and now have 29/37 hp.
MASSIVE DAMAGE!! (PAUSE) 😕 HP[+1]
An electric eel is nearby! 😕 HP[+1]
You start resting.
An electric eel is nearby! 😕 HP[+1]
The electric eel shoots out a bolt of lightning at you!
The bolt of electricity hits you!
The electric eel shoots out a bolt of lightning at you!
The bolt of electricity misses you. 😮 HP[-11]
You take 11 damage, and now have 21/37 hp.
MASSIVE DAMAGE!! (PAUSE)
You can't do that yet.
Unknown command.
Unknown command.
The electric eel shoots out a bolt of lightning at you!
The bolt of electricity hits you!
* * * LOW HITPOINT WARNING * * *
😨 HP[-7]
You take 7 damage, and now have 14/37 hp.
Unknown command. 😨 HP[+1]
You closely miss the electric eel.
Your tail-slap misses the electric eel.
You have got your breath back.
The electric eel shoots out a bolt of lightning at you!
The bolt of electricity hits you.
* * * LOW HITPOINT WARNING * * *
The bolt of electricity hits you!
You die...

Skill      XL: |  1  2  3  4  5  6  7  8  9 |
---------------+----------------------------+-----
Fighting       | 2 3 4 5 6 |  6.1
Unarmed Combat | 4 5 6 |  6.8
Shapeshifting  | 4 5 7 8 |  8.0
Invocations    | 1 3 5 |  5.0
Dodging        | |  1.5

Action                     |  1- 3 |  4- 6 |  7- 9 || total
---------------------------+-------+-------+-------++-------
  Melee: Unarmed           |    58 |    89 |   178 ||   325
         Punch             |     4 |       |    10 ||    14
Ability: Spit Poison       |    25 |    31 |    28 ||    84
         Breathe Fire      |       |       |     3 ||     3
    Use: Scroll            |     2 |     7 |     7 ||    16
   Stab: Sleeping          |     2 |     1 |     1 ||     4
 Armour: Animal skin       |     7 |    18 |    33 ||    58
         Skin              |       |       |     1 ||     1
  Dodge: Dodged            |    26 |    70 |   135 ||   231
   Form: Dragon            |       |       |     1 ||     1

Levels and vault maps discovered:
D:1:      minmay_arrival_semitransparent, layout_basic, serial_shops,
          nicolae_shop_window_shopping, minmay_liquid_box
D:2:      layout_rooms, uniq_jessica
D:3:      layout_basic, nicolae_overflow_crystal_walls
D:4:      layout_cave_pods, temple_hall
D:5:      layout_basic, uniq_sigmund, uniq_grinder
D:6:      layout_layer_cave
D:7:      layout_loops_cross, uniq_prince_ribbit1
D:8:      layout_basic, lightli_bailey_entry_fortress
Temple:   nicolae_temple_bog_church
Bailey:   bailey_axe_of_yendor_kennysheep, bailey

Notes
Turn   | Place    | Note
-------+----------+-------------------------------------------
     0 | D:1      | kae the Naga Shapeshifter began the quest for the Orb.
     0 | D:1      | Reached XP level 1. HP: 18/18 MP: 1/1
     0 | D:1      | magus.rc [v1.11.3]
   199 | D:1      | Reached XP level 2. HP: 20/25 MP: 2/2
   203 | D:1      | HP: 6/25 [jackal (2)]
   325 | D:1      | Found Wyidaing's Antique Armour Emporium.
   516 | D:1      | Reached XP level 3. HP: 25/31 MP: 3/3
  1210 | D:2      | Noticed Jessica
  1215 | D:2      | Killed Jessica
  1216 | D:2      | Reached skill level 2 in Fighting
  1216 | D:2      | Reached XP level 4. HP: 39/39 MP: 4/4
  1367 | D:3      | Noticed a water moccasin
  1377 | D:3      | Killed a water moccasin
  1378 | D:3      | Reached skill level 4 in Unarmed Combat
  1378 | D:3      | Reached skill level 4 in Shapeshifting
  1378 | D:3      | Reached XP level 5. HP: 44/46 MP: 5/5
  1644 | D:3      | Noticed a centaur
  1654 | D:3      | Killed a centaur
  1655 | D:3      | Reached skill level 3 in Fighting
  1655 | D:3      | Reached XP level 6. HP: 27/56 MP: 6/6
  1883 | D:3      | You fall into a shaft and drop 3 floors!
  1932 | D:6      | You pick up a book of Dreams and begin reading...
  1932 | D:6      | You add the spells Ensorcelled Hibernation and Anguish to
                  | your library.
  1954 | D:5      | Entered Level 5 of the Dungeon
  2012 | D:5      | You pick up a book of Dreams and begin reading...
  2140 | D:3      | Found a shadowy altar of Dithmenos.
  2415 | D:4      | Reached skill level 5 in Shapeshifting
  2837 | D:4      | Found a staircase to the Ecumenical Temple.
  2982 | Temple   | Entered the Ecumenical Temple
  2989 | Temple   | Became a worshipper of Cheibriados the Contemplative
  3522 | D:4      | Reached XP level 7. HP: 62/62 MP: 7/7
  3848 | D:5      | Noticed Grinder
  3899 | D:5      | Noticed Sigmund
  4092 | D:5      | Paralysed by Grinder for 4 turns
  4105 | D:5      | Killed Grinder
  4106 | D:5      | Reached skill level 4 in Fighting
  4106 | D:5      | Reached skill level 5 in Unarmed Combat
  4106 | D:5      | Reached skill level 1 in Invocations
  4106 | D:5      | Reached XP level 8. HP: 40/72 MP: 7/9
  4507 | D:6      | Reached skill level 6 in Shapeshifting
  4687 | D:6      | Reached skill level 2 in Invocations
  4835 | D:6      | Reached * piety under Cheibriados
  5261 | D:6      | Found the amulet of Elemental Vulnerability {rPois rF--
                  | rC-- AC+8}
  5496 | D:6      | You pick up a book of Geomancy and begin reading...
  5496 | D:6      | You add the spells Sandblast, Passwall and Stone Arrow to
                  | your library.
  5895 | D:7      | Noticed Prince Ribbit
  5903 | D:7      | Killed Prince Ribbit
  5904 | D:7      | Reached skill level 5 in Fighting
  5904 | D:7      | Reached skill level 3 in Invocations
  6099 | D:7      | Reached skill level 6 in Unarmed Combat
  6099 | D:7      | Reached skill level 7 in Shapeshifting
  6099 | D:7      | Reached XP level 9. HP: 70/81 MP: 11/11
  6265 | D:7      | HP: 18/81 [wyvern (4)]
  6626 | D:7      | Reached skill level 4 in Invocations
  6754 | D:7      | Noticed a cyclops
  6763 | D:7      | Killed a cyclops
  7183 | D:8      | Reached skill level 6 in Fighting
  7228 | D:8      | Reached ** piety under Cheibriados
  7233 | D:8      | Found a flagged portal.
  7258 | Bailey   | Entered a bailey
  7308 | Bailey   | Reached skill level 8 in Shapeshifting
  7412 | Bailey   | Reached skill level 5 in Invocations
  7531 | Bailey   | HP: 9/37 [electric eel/bolt of electricity (6)]
  7531 | Bailey   | Killed from afar by an electric eel

Vanquished Creatures
  A cyclops (D:7)
  Grinder (D:5)
  Prince Ribbit (D:7)
  A wyvern (D:7)
  A water moccasin (D:3)
  3 ice beasts
  4 ogres
  2 centaurs
  A phantom (D:7)
  A kobold brigand (D:6)
  3 bullfrogs
  A scorpion (D:6)
  2 electric eels (Bailey)
  3 hounds
  2 jellies
  2 iguanas
  An orc priest (D:6)
  A sleepcap (D:5)
  Jessica (D:2)
  4 orc wizards
  8 gnolls
  8 adders
  A white imp (D:7)
  An ufetubus (D:6)
  A dart slug (D:2)
  5 orcs
  6 ball pythons
  8 endoplasms
  4 giant cockroaches
  12 goblins
  9 hobgoblins
  8 jackals
  8 quokkas
  5 bats
  6 frilled lizards
  8 kobolds
  A rat (D:1)
135 creatures vanquished.

Table legend:
 A = Non-vault XP
 B = Vault XP
 C = Vault XP percentage of total XP
 D = Non-vault monster count
 E = Vault monster count
 F = Vault count percentage of total count
                 A         B        C        D         E       F
            +---------+---------+-------+---------+---------+-------
      Total |    3449 |     733 |  17.5 |     127 |       8 |   5.9
            +---------+---------+-------+---------+---------+-------
        D:1 |      54 |       0 |   0.0 |      32 |       0 |   0.0
        D:2 |      30 |      37 |  55.2 |      10 |       1 |   9.1
        D:3 |     363 |       0 |   0.0 |      26 |       0 |   0.0
        D:4 |     159 |       0 |   0.0 |      16 |       0 |   0.0
        D:5 |     406 |     304 |  42.8 |      11 |       1 |   8.3
        D:6 |     557 |       0 |   0.0 |      15 |       0 |   0.0
        D:7 |    1577 |     277 |  14.9 |      14 |       1 |   6.7
        D:8 |     303 |       7 |   2.3 |       3 |       3 |  50.0
     Bailey |       0 |     108 | 100.0 |       0 |       2 | 100.0
            +---------+---------+-------+---------+---------+-------

Skill      XL: |  1  2  3  4  5  6  7  8  9 |
---------------+----------------------------+-----
Fighting       | 2 3 4 5 6 |  6.1
Unarmed Combat | 4 5 6 |  6.8
Shapeshifting  | 4 5 7 8 |  8.0
Invocations    | 1 3 5 |  5.0
Dodging        | |  1.5

Action                     |  1- 3 |  4- 6 |  7- 9 || total
---------------------------+-------+-------+-------++-------
  Melee: Unarmed           |    58 |    89 |   178 ||   325
         Punch             |     4 |       |    10 ||    14
Ability: Spit Poison       |    25 |    31 |    28 ||    84
         Breathe Fire      |       |       |     3 ||     3
    Use: Scroll            |     2 |     7 |     7 ||    16
   Stab: Sleeping          |     2 |     1 |     1 ||     4
 Armour: Animal skin       |     7 |    18 |    33 ||    58
         Skin              |       |       |     1 ||     1
  Dodge: Dodged            |    26 |    70 |   135 ||   231
   Form: Dragon            |       |       |     1 ||     1

Illustrated notes

Table legend:
 A = Kills in this place as a percentage of kills in the entire game.
 B = Kills by you in this place as a percentage of kills by you in the entire game.
 C = Kills by friends in this place as a percentage of kills by friends in the entire game.
 D = Other kills in this place as a percentage of other kills in the entire game.
 E = Experience gained in this place as a percentage of experience gained in the entire game.
 F = Experience gained in this place divided by the number of levels of this place that you have seen.
                   A       B       C       D       E      F
               +-------+-------+-------+-------+-------+----------------------
         Total | 100.0 | 100.0 |   N/A |   N/A | 100.0 | 418.2
       Dungeon |  98.5 |  98.5 |   N/A |   N/A |  97.4 | 509.2
        Bailey |   1.5 |   1.5 |   N/A |   N/A |   2.6 | 108.0
               +-------+-------+-------+-------+-------+----------------------

Table legend: (Time is in decaauts)
 A = Elapsed time spent in this place.
 B = Non-inter-level travel time spent in this place.
 C = Inter-level travel time spent in this place.
 D = Time resting spent in this place.
 E = Time spent auto-exploring this place.
 F = Levels seen in this place.
 G = Mean time per level.
                   A        B        C        D        E       F      G
               +--------+--------+--------+--------+--------+-----+--------+
         Total |  10576 |  10058 |    518 |    664 |   8232 |  10 | 1057.6 |
       Dungeon |  10274 |   9763 |    511 |    422 |   8229 |   8 | 1284.2 |
        Temple |     18 |     11 |      7 |      0 |      0 |   1 |   18.0 |
        Bailey |    283 |    283 |      0 |    241 |      2 |   1 |  283.0 |
               +--------+--------+--------+--------+--------+-----+--------+

Top non-repeatable levels by time:
     D:6: 2427 daAuts
     D:5: 1671 daAuts
     D:7: 1656 daAuts
     D:4: 1604 daAuts
     D:1: 1197 daAuts
     D:3: 1096 daAuts
     D:2: 494 daAuts
  Bailey: 283 daAuts
     D:8: 127 daAuts
  Temple: 18 daAuts
